 Dungeon Crawl Stone Soup version 0.29.1-14-g9c671dbff4 (webtiles) character file.

Game seed: 8956883183351340855

140 hawla the Firebug (level 5, -9/38 HPs)
             Began as a Meteoran Fire Elementalist on Feb 12, 2023.
             Was an Initiate of Vehumet.
             Mangled by Edmund
             ... wielding a +3 dire flail of protection
              (17 damage)
             ... on level 4 of the Dungeon.
             The game lasted 00:02:24 (401 turns).

hawla the Firebug (Meteoran Fire Elementalist)       Turns: 401, Time: 00:02:25

Health: -9/38      AC:  2    Str:  9    XL:     5   Next: 77%
Magic:  2/11       EV: 13    Int: 18    God:    Vehumet [......]
Gold:   24         SH:  0    Dex: 15    Spells: 3/10 levels left

rFire   . . .      SeeInvis .   f - +0 long sword
rCold   . . .      Faith    .   (no shield)
rNeg    . . .      Spirit   .   a - +0 robe
rPois   .          Reflect  .   (no helmet)
rElec   .          Harm     .   (no cloak)
rCorr   .          Rampage  .   (no gloves)
Will    .....                   (no boots)
Stlth   +.........              (no amulet)
HPRegen 0.12/turn               d - ring of flight
MPRegen 0.12/turn               (no ring)

@: flying, glowing
A: sense surroundings 1, otherworldly, glowing, explore regen
a: Renounce Religion


You were on level 4 of the Dungeon.
You worshipped Vehumet.
Vehumet was noncommittal.
You visited 2 branches of the dungeon, and saw 5 of its levels.

You collected 24 gold pieces.

Inventory:

Hand Weapons
 f - a +0 long sword (weapon)
Armour
 a - a +0 robe (worn)
Jewellery
 d - a ring of flight (left hand)
Scrolls
 e - a scroll of silence {unknown}
Potions
 b - a potion of magic
 c - a potion of berserk rage {unknown}


   Skills:
 - Level 2.8 Dodging
 - Level 1.4 Stealth
 - Level 3.4 Spellcasting
 + Level 4.0 Conjurations
 - Level 5.0 Fire Magic


You had 3 spell levels left.
You knew the following spells:

 Your Spells              Type           Power      Damage    Failure   Level
a - Foxfire               Conj/Fire      76%        2x1d7     2%          1
b - Scorch                Fire           42%        2d7       3%          2
c - Flame Wave            Conj/Fire      19%        2d7       24%         4

Your spell library contained the following spells:

 Spells                   Type           Power      Damage    Failure   Level
 Conjure Flame            Conj/Fire      19%        6-21      8%          3
 Inner Flame              Hex/Fire       12%        N/A       17%         3


Dungeon Overview and Level Annotations

Branches:
Dungeon (4/15) Zot: 2180   Temple (1/1) D:4 Zot: 419

Altars:
Ashenzari
Elyvilon
Fedhas
Hepliaklqana
Kikubaaqudgha
Makhleb
Nemelex Xobeh
Okawaru
Qazlal
Ru
Sif Muna
Uskayaw
Vehumet
Wu Jian
Xom
Yredelemnul
Zin
The Shining One

Annotations:
D:4 Edmund


Innate Abilities, Weirdness & Mutations

You passively map a small area around you.
You are easily found by Zot.
You glow in the dark.
You regain HP and MP as you explore.


Message History

You hover solemnly before the altar of Vehumet.
Vehumet welcomes you!
(D) Dungeon (T) Temple
Where to? (Enter - Temple @ (x,y), ? - help)
What level of the Dungeon? (default 4, ? - help)
There is a staircase back to the Dungeon here.
You fly upwards.
Welcome back to the Dungeon!
Level annotation: Edmund Edmund hits you with a +3 dire flail of protection.
Edmund closely misses you.
There is a staircase to the Ecumenical Temple here.
Casting: Scorch (safe; 3% risk of failure)
Confirm with . or Enter, or press ? or * to list all spells.
Flames lash Edmund.
Edmund is moderately wounded.
Edmund's fire resistance burns away.
Edmund hits you with a +3 dire flail of protection!
Unknown command.
Casting: Scorch (safe; 3% risk of failure)
Confirm with . or Enter, or press ? or * to list all spells.
Flames lash Edmund.
Edmund is burned terribly!
Edmund is moderately wounded.
Edmund hits you with a +3 dire flail of protection!
* * * LOW HITPOINT WARNING * * *
Casting: Scorch (safe; 3% risk of failure)
Confirm with . or Enter, or press ? or * to list all spells.
The spell is quite dangerous to miscast (24% risk of failure)!
Continue anyway?
Casting: Flame Wave (quite dangerous; 24% risk of failure)
Press: ? - help, Dir - look around, f - activate A wave of flame ripples out!
The flame wave engulfs Edmund but does no damage.
Edmund is moderately wounded. (Press . to intensify the flame waves.) Edmund hits you with a +3 dire flail of protection.
* * * LOW HITPOINT WARNING * * *
A wave of flame ripples out!
The flame wave engulfs Edmund.
Edmund is burned terribly!
Edmund is moderately wounded.
Edmund hits you with a +3 dire flail of protection!
You die...

, ##.#.#.#. **
,, * ##
#.....#. , *, #
,
..###*####.##.
* # ##. ....,*
#.##. #.#..#
#..## #....
....###.... *
###.. *
,,#...#...# ,,
#.. #...@.# ..
#..
*##.@.#####..*
#.. * ...
#.....#....#*
#.. ,
#..#...#...#..#
#.. *
#....###....#
#>#
##..#.#.#..##
#.# ,,
##...#...## #.#
, * ###.v.#..##
#######.#
#.......##
#.....[.#
#.####..#
#.#######


You could see Edmund (combustible).

Vanquished Creatures
  An ogre (D:4)
  A hound (D:4)
  An adder (D:3)
  3 ball pythons
  3 endoplasms
  A giant cockroach (D:2)
  3 hobgoblins
  2 quokkas (D:1)
  2 kobolds (D:3)
17 creatures vanquished.

Vanquished Creatures (others)
  46 foxfires
46 creatures vanquished.

Grand Total: 63 creatures vanquished

Notes
Turn   | Place    | Note
-------+----------+-------------------------------------------
     0 | D:1      | hawla the Meteoran Fire Elementalist began the quest for
                  | the Orb.
     0 | D:1      | Reached XP level 1. HP: 14/14 MP: 5/5
     2 | D:1      | Noticed a felid
     2 | D:1      | Noticed a meteoran
     6 | D:1      | Noticed a vampire
     8 | D:1      | Noticed a troll
     8 | D:1      | Noticed an ogre
    10 | D:1      | Noticed a demonspawn
    10 | D:1      | Noticed a palentonga
    12 | D:1      | Noticed a naga
    12 | D:1      | Noticed a vine stalker
    14 | D:1      | Noticed an octopode
    14 | D:1      | Noticed an elf
    16 | D:1      | Noticed a ghoul
    16 | D:1      | Noticed a demigod
    18 | D:1      | Noticed a human
    18 | D:1      | Noticed a tengu
    20 | D:1      | Noticed a formicid
    20 | D:1      | Noticed a spriggan
    22 | D:1      | Noticed a minotaur
    22 | D:1      | Noticed a draconian
    24 | D:1      | Noticed a merfolk
    24 | D:1      | Noticed a felid
    26 | D:1      | Noticed a demonspawn
    26 | D:1      | Noticed a draconian
    51 | D:1      | Reached skill level 4 in Fire Magic
    59 | D:1      | Reached XP level 2. HP: 16/20 MP: 1/6
    64 | D:1      | Learned a level 2 spell: Scorch
   112 | D:3      | Reached XP level 3. HP: 26/26 MP: 4/8
   177 | D:4      | Reached skill level 5 in Fire Magic
   177 | D:4      | Reached XP level 4. HP: 33/33 MP: 5/10
   182 | D:4      | Learned a level 4 spell: Flame Wave
   196 | D:4      | Noticed an ogre
   202 | D:4      | Killed an ogre
   203 | D:4      | Reached XP level 5. HP: 38/38 MP: 3/11
   211 | D:4      | Found a staircase to the Ecumenical Temple.
   213 | D:4      | Noticed Edmund
   216 | Temple   | Entered the Ecumenical Temple
   378 | Temple   | Became a worshipper of Vehumet
   401 | D:4      | Mangled by Edmund

Illustrated notes

Levels and vault maps discovered:
D:1:      kb_arrival_jail, layout_rooms, nicolae_wormholes
D:2:      layout_basic, serial_shops, shop
D:3:      layout_basic, gammafunk_ghost_nasty_kobolds, uniq_jessica, uniq_ijyb
D:4:      layout_loops_ring, nicolae_dithmenos_the_darkroom,
          minmay_temple_entry_arrows, uniq_edmund
Temple:   nicolae_temple_bog_church

Skill      XL: |  1  2  3  4 |
---------------+-------------+-----
Fire Magic     | 4 5 |  5.0
Spellcasting   | 3 |  3.4
Conjurations   | 4 |  4.0
Dodging        | |  2.8
Stealth        | |  1.4

Action                   |  1- 3 |  4- 6 || total
-------------------------+-------+-------++-------
Melee: Unarmed           |     2 |       ||     2
 Cast: Foxfire           |    20 |     6 ||    26
       Scorch            |     4 |     3 ||     7
       Flame Wave        |       |     1 ||     1
Dodge: Dodged            |     3 |     1 ||     4
